AoeStats
← DontDoDrugsKids

Arena

508711376Analyzed
4v4 RM · 8d ago on Sep 23, 2026· 53m 26s· 8 players
Game mode
Random Map
Map size
Large (8 player)
Population
200
Speed
Normal
Resources
Standard
Victory
Conquest
Starting age
Dark Age
Ending age
Imperial Age
RankedLock teamsTeams togetherTeam positionsShared explorationLock speedFull tech treeHidden civsTurbo modeCheats
Victory
Defeat
🇩🇪 Persians · Germany
850
+16
🇫🇷 Teutons · France
841
+16
🇩🇪 Britons · Germany
818
+17
🇹🇼 Khmer · Taiwan
810
+18
🇺🇸 Malay · United States
857
-17
🇧🇷 Poles · Brazil
846
-17
🇷🇴 Portuguese · Romania
840
-17
🇪🇨 Chinese · Ecuador
829
-16
alejonone17
12:30 Feudal Age
14:00 Man-at-Arms
15:33 Horse Collar
15:40 Double-Bit Axe
16:34 Wheelbarrow
18:08 Town Watch
18:21 Gold Mining
20:38 Castle Age
20:53 Bow Saw
20:45 Heavy Plow
21:23 Gold Shaft Mining
20:48 Stone Mining
26:37 Hand Cart
26:09 Loom
26:25 Town Patrol
27:08 Stone Shaft Mining
26:26 Man-at-Arms
27:17 Forging
27:35 Treadmill Crane
30:02 Iron Casting
28:50 Long Swordsman
29:17 Arson
29:55 Masonry
29:48 Pikeman
30:29 Squires
36:23 Imperial Age
35:18 Padded Archer Armor
35:09 Fletching
35:41 Thalassocracy
35:13 Halberdier
35:18 Elite Skirmisher
36:41 Crop Rotation
36:38 Guilds
36:27 Bodkin Arrow
36:47 Leather Archer Armor
39:01 Thalassocracy
41:50 Chemistry
42:15 Leather Archer Armor
42:01 Bracer
41:38 Crossbowman
42:23 Thumb Ring
49:38 Two-Handed Swordsman
53:54 Blast Furnace
53:24 Ring Archer Armor
53:00 Scale Barding Armor
KAISER962605
8:31 Loom
10:24 Feudal Age
16:52 Double-Bit Axe
17:02 Gold Mining
22:32 Castle Age
20:48 Fletching
20:58 Padded Archer Armor
21:54 Stone Mining
22:29 Horse Collar
24:37 Crossbowman
25:30 Bodkin Arrow
28:39 Leather Archer Armor
Agent P
6:39 Loom
9:04 Feudal Age
17:29 Castle Age
15:42 Double-Bit Axe
18:03 Bloodlines
23:30 Horse Collar
25:19 Fletching
30:37 Wheelbarrow
32:05 Gold Mining
34:01 Hand Cart
35:33 Pikeman
35:59 Arson
39:35 Imperial Age
36:52 Town Watch
38:17 Heavy Plow
38:38 Stone Mining
40:30 Bow Saw
40:16 Halberdier
41:32 Bodkin Arrow
41:37 Padded Archer Armor
41:53 Scale Mail Armor
42:03 Forging
43:30 Chain Mail Armor
43:25 Forging
43:31 Leather Archer Armor
45:20 Chemistry
45:39 Light Cavalry
46:15 Elite Organ Gun
henrique.villetti
8:14 Loom
12:06 Feudal Age
17:37 Castle Age
15:34 Stone Mining
21:28 Double-Bit Axe
32:08 Bloodlines
31:59 Husbandry
32:44 Szlachta Privileges
33:12 Forging
33:07 Scale Barding Armor
34:37 Gold Mining
38:02 Horse Collar
40:57 Imperial Age
40:02 Chain Barding Armor
40:18 Iron Casting
44:53 Iron Casting
44:39 Chain Barding Armor
44:13 Cavalier
Donald
7:06 Loom
10:37 Feudal Age
11:08 Double-Bit Axe
11:38 Fletching
21:02 Castle Age
19:39 Horse Collar
21:41 Bodkin Arrow
22:51 Guard Tower
25:55 Masonry
26:44 Bow Saw
29:26 Gold Mining
30:25 Ballistics
31:45 Heavy Plow
32:52 Wheelbarrow
36:25 Imperial Age
35:02 Scale Mail Armor
35:12 Forging
36:00 Chain Mail Armor
35:29 Man-at-Arms
35:55 Gambesons
36:10 Squires
35:56 Arson
36:46 Hand Cart
36:30 Long Swordsman
36:34 Pikeman
38:02 Plate Mail Armor
38:07 Iron Casting
37:45 Squires
37:31 Arson
38:58 Chemistry
38:36 Halberdier
41:19 Blast Furnace
41:30 Scale Barding Armor
42:06 Crop Rotation
42:39 Two-Man Saw
41:58 Stone Mining
41:53 Cavalier
43:30 Chain Barding Armor
43:22 Paladin
44:12 Bloodlines
43:38 Long Swordsman
45:20 Plate Barding Armor
44:40 Two-Handed Swordsman
48:52 Stone Shaft Mining
48:21 Padded Archer Armor
48:28 Siege Engineers
48:59 Keep
48:45 Bombard Tower
李諭
11:07 Feudal Age
16:22 Castle Age
14:29 Horse Collar
14:49 Double-Bit Axe
17:27 Heavy Plow
17:40 Bow Saw
24:54 Gold Mining
28:05 Imperial Age
30:14 Wheelbarrow
31:34 Stone Mining
32:17 Crop Rotation
32:25 Gold Shaft Mining
32:38 Hand Cart
35:16 Husbandry
35:26 Bloodlines
35:11 Elite Ballista Elephant
37:33 Double Crossbow
38:50 Scale Barding Armor
38:56 Forging
40:59 Iron Casting
40:44 Chain Barding Armor
40:48 Ballistics
43:02 Blast Furnace
42:40 Conscription
45:07 Plate Barding Armor
44:44 Siege Engineers
DontDoDrugsKids
10:42 Feudal Age
17:16 Castle Age
16:25 Double-Bit Axe
16:26 Horse Collar
16:38 Gold Mining
16:39 Stone Mining
16:52 Padded Archer Armor
16:53 Fletching
24:43 Bow Saw
25:17 Crossbowman
26:36 Leather Archer Armor
26:17 Bodkin Arrow
26:54 Bodkin Arrow
29:48 Scale Barding Armor
29:43 Scale Mail Armor
32:53 Chain Barding Armor
32:48 Chain Mail Armor
32:43 Forging
38:26 Imperial Age
38:34 Imperial Age
36:41 Wheelbarrow
38:41 Elite Longbowman
39:57 Ring Archer Armor
39:28 Bracer
40:04 Plate Barding Armor
39:48 Pikeman
40:29 Squires
40:39 Halberdier
41:52 Ballistics
42:33 Chemistry
42:53 Gold Shaft Mining
51:03 Yeomen
51:25 Warwolf
MVXD
10:10 Feudal Age
16:19 Castle Age
14:16 Stone Mining
17:06 Double-Bit Axe
17:33 Loom
21:23 Stone Shaft Mining
21:35 Bow Saw
24:26 Wheelbarrow
24:38 Gold Mining
32:15 Imperial Age
32:43 Scale Barding Armor
34:28 Chain Barding Armor
34:59 Forging
34:40 Horse Collar
44:38 Two-Man Saw
44:57 Elite War Elephant
47:22 Plate Barding Armor
47:24 Heavy Plow
47:55 Citadels
Connection lost

Rejoining the realm…

Still unreachable

The connection could not be restored.

Session expired

The server has moved on; the page needs a fresh start.